 Dungeon Crawl Stone Soup version 0.25.1-2-g60ff931df9 (webtiles) character file.

Game seed: 13520675879088841284

1855 OdinFK the Spear-Bearer (level 9, -4/68 HPs)
             Began as a Merfolk Skald on Oct 17, 2020.
             Slain by Sigmund
             ... wielding a +0 scythe
              (10 damage)
             ... on level 6 of the Dungeon.
             The game lasted 00:27:20 (6880 turns).

OdinFK the Spear-Bearer (Merfolk Skald)             Turns: 6880, Time: 00:27:20

Health: -4/68      AC:  5    Str: 15    XL:     9   Next: 12%
Magic:  1/14       EV: 17    Int: 12    God:
Gold:   104        SH:  0    Dex: 19    Spells: 3/14 levels left

rFire    . . .     SeeInvis .   a - +0 spear
rCold    . . .     Gourm    .   (no shield)
rNeg     . . .     Faith    .   b - +0 leather armour
rPois    .         Spirit   .   (no helmet)
rElec    .         Reflect  .   n - +1 cloak
rCorr    .         Harm     .   (no gloves)
MR       .....                  (no boots)
Stlth    +.........             (no amulet)
HPRegen  0.21/turn              q - +6 ring of dexterity
MPRegen  0.14/turn              (no ring)

@: about to teleport, flying, lightly drained
A: change form in water, swift swim, stealthy swim
a: no special abilities


You were on level 6 of the Dungeon.
You were hungry.

You visited 2 branches of the dungeon, and saw 7 of its levels.

You collected 260 gold pieces.
You spent 156 gold pieces at shops.

Inventory:

Hand Weapons
 a - a +0 spear (weapon)
Missiles
 C - 42 poisoned darts (quivered)
Armour
 b - a +0 leather armour (worn)
 n - a +1 cloak (worn)
Jewellery
 q - a +6 ring of dexterity (left hand)
 y - an uncursed ring of fire
Wands
 v - a wand of flame (13)
 A - a wand of paralysis (7)
 E - a wand of iceblast (9)
Scrolls
 i - 6 scrolls of identify
 k - 2 scrolls of remove curse
 m - a scroll of fear {unknown}
 p - 2 scrolls of amnesia
 r - 2 scrolls of enchant armour
 s - a scroll of blinking {unknown}
 t - a scroll of teleportation
 u - 2 scrolls of fog {unknown}
 w - a scroll of enchant weapon {unknown}
 z - a scroll of magic mapping {unknown}
Potions
 c - a potion of resistance {unknown}
 e - a potion of brilliance {unknown}
 f - 2 potions of mutation {unknown}
 g - 2 potions of lignification {unknown}
 h - 3 potions of flight
 j - a potion of invisibility {unknown}
 l - a potion of ambrosia {unknown}
 o - 4 potions of curing {unknown}
 x - 2 potions of degeneration {unknown}
 B - 2 potions of heal wounds {unknown}
Comestibles
 d - 14 rations


   Skills:
 + Level 5.3 Fighting
 + Level 8.4(8.3) Polearms
 + Level 2.6(2.5) Throwing
 - Level 1.5(1.4) Armour
 + Level 7.4(7.3) Dodging
 + Level 3.3 Spellcasting
 + Level 1.3(1.2) Hexes
 + Level 5.8(5.7) Charms
 - Level 0.5(0.4) Translocations
 - Level 2.5(2.4) Evocations


You had 3 spell levels left.
You knew the following spells:

 Your Spells              Type           Power        Failure   Level  Hunger
a - Infusion              Chrm           ###.         2%          1    #......
b - Shroud of Golubria    Chrm/Tloc      #.....       12%         2    ##.....
c - Song of Slaying       Chrm           ###.....     4%          2    ##.....
d - Ozocubu's Armour      Chrm/Ice       #.......     26%         3    ###....
e - Spectral Weapon       Hex/Chrm       ##......     21%         3    ###....

Your spell library contained the following spells:

 Spells                   Type           Power        Failure   Level  Hunger
 Foxfire                  Conj/Fire      #...         28%         1    #......
 Confusing Touch          Hex            #.......     45%         3    ###....
 Gell's Gravitas          Tloc           #.........   58%         3    ###....
 Cause Fear               Hex            #.........   86%         4    #####..
 Petrify                  Tmut/Erth      #.......     96%         4    #####..
 Metabolic Englaciation   Hex/Ice        #.........   99%         5    ######.
 Yara's Violent Unravell  Hex/Tmut       #.........   99%         5    ######.
 Dragon Form              Tmut           #.........   100%        7    #######
 Dragon's Call            Summ           #.........   100%        9    #######


Dungeon Overview and Level Annotations

Branches:
Dungeon (6/15)             Temple (1/1) D:6

Altars:
Ashenzari
Cheibriados
Dithmenos
Elyvilon
Gozag
Hepliaklqana
Kikubaaqudgha
Makhleb
Nemelex Xobeh
Okawaru
Qazlal
Ru
Uskayaw
Vehumet
Wu Jian
Xom
Yredelemnul
Zin
The Shining One

Shops:
D:4 *   D:5 ?

Annotations:
D:5 2 transporters, spacerossing's ghost, novice OgBe
D:6 Edmund; Sigmund


Message History

Something barely misses you.
Casting: Shroud of Golubria (safe; 12% risk of failure)
Confirm with . or Enter, or press ? or * to list all spells.
You draw out your weapon's spirit!
Something hits you but does no damage. Something hits you!
* * * LOW HITPOINT WARNING * * *
Okay, then.
As you read the scroll labeled IMAAVU GAUKHLAA, it crumbles to dust.
It is a scroll of identify.
p - 2 scrolls of amnesia;
i - 6 scrolls of identify
s - a scroll labeled TIPOECR AGYQ
Okay, then.
As you read the scroll of teleportation, it crumbles to dust.
You feel strangely unstable. Something hits you.
* * * LOW HITPOINT WARNING * * *
It was a potion of flight.
You feel very buoyant.
You fly up into the air.
Something hits you!
You die...

. . . .# .# .. #.#..# .. #.....
.. ....@ ##.... . .....#
######..# . ......
#...)..######### # ......
#.#####........###### ......#
#.##@({.#.#..#.'.....
.......######.#######......#.#.#.
#.?...##....# #.....(#...
#..##....# #.#..#.#o#Z#
#..##....# #......#.@F..
##.##....# ########## +#
#...##.## #.. #.. # ##.....# #..
.## # #.##..# ## # #


You could see a friendly spectral +0 spear.

Vanquished Creatures
  2 orc warriors (D:6)
  An ice beast (D:6)
  5 ogres
  A bullfrog (D:6)
  2 scorpions
  A water moccasin skeleton (D:4)
  2 howler monkeys
  A wight (D:6)
  A bullfrog zombie (D:5)
  2 crimson imps
  A quasit (D:6)
  2 hounds (D:4)
  4 orc wizards (D:4)
  A jelly (D:5)
  A centaur skeleton (D:5)
  3 orc priests (D:4)
  2 iguanas
  Ijyb (D:4)
  2 worker ants
  A hound zombie (D:6)
  2 hound skeletons
  2 worker ant zombies
  5 adders
  4 gnolls (D:4)
  An ooze (D:4)
  5 worms
  2 dart slugs
  6 leopard geckos
  14 orcs
  4 giant cockroaches
  8 goblins
  5 hobgoblins
  19 jackals
  3 kobolds (D:1)
  6 bats
  A frilled lizard (D:5)
  A leopard gecko skeleton (D:4)
  A leopard gecko zombie (D:5)
  A quokka skeleton (D:6)
  A quokka zombie (D:6)
  2 rats (D:1)
129 creatures vanquished.

Notes
Turn   | Place    | Note
-------+----------+-------------------------------------------
     0 | D:1      | OdinFK the Merfolk Skald began the quest for the Orb.
     0 | D:1      | Reached XP level 1. HP: 16/16 MP: 3/3
    79 | D:1      | Reached XP level 2. HP: 19/22 MP: 1/5
   297 | D:1      | Reached skill level 1 in Armour
   566 | D:1      | Reached XP level 3. HP: 28/28 MP: 6/6
   782 | D:2      | Learned a level 2 spell: Shroud of Golubria
   785 | D:2      | Learned a level 2 spell: Song of Slaying
  1201 | D:2      | Reached skill level 1 in Throwing
  1574 | D:3      | Reached XP level 4. HP: 34/34 MP: 7/7
  2223 | D:3      | Noticed an ogre
  2280 | D:3      | Killed an ogre
  2280 | D:3      | Reached skill level 4 in Polearms
  2280 | D:3      | Reached XP level 5. HP: 41/41 MP: 6/8
  3061 | D:4      | Reached skill level 5 in Polearms
  3061 | D:4      | Reached XP level 6. HP: 44/47 MP: 4/9
  3283 | D:4      | Reached skill level 5 in Dodging
  3666 | D:4      | Found Liliacw's General Store.
  3674 | D:4      | Bought a wand of paralysis (8) for 100 gold pieces
  3735 | D:4      | Reached skill level 5 in Charms
  3760 | D:4      | Reached skill level 6 in Polearms
  3798 | D:4      | Reached XP level 7. HP: 26/52 MP: 0/10
  4560 | D:4      | Noticed Ijyb
  4606 | D:4      | Killed Ijyb
  4681 | D:4      | Reached XP level 8. HP: 50/60 MP: 10/12
  4742 | D:4      | Reached skill level 7 in Polearms
  4892 | D:4      | Reached skill level 1 in Evocations
  5107 | D:5      | Entered Level 5 of the Dungeon
  5118 | D:5      | Found a sparkling altar of Nemelex Xobeh.
  5120 | D:5      | Found a glowing silver altar of Zin.
  5129 | D:5      | Found an opulent altar of Gozag.
  5129 | D:5      | Found a white marble altar of Elyvilon.
  5129 | D:5      | Found a basalt altar of Yredelemnul.
  5129 | D:5      | Found a burning altar of Makhleb.
  5131 | D:5      | Found a hazy altar of Hepliaklqana.
  5146 | D:5      | Found a radiant altar of Vehumet.
  5314 | D:5      | Found a transporter.
  5365 | D:5      | Noticed spacerossing's ghost (novice OgBe)
  5515 | D:5      | Found a transporter.
  5640 | D:5      | Reached skill level 8 in Polearms
  5745 | D:5      | Found Issun's Magic Scroll Shoppe.
  5754 | D:5      | Reached skill level 5 in Fighting
  5762 | D:5      | Bought a scroll of remove curse for 42 gold pieces
  5769 | D:5      | Bought a scroll of noise for 14 gold pieces
  6019 | D:6      | Learned a level 3 spell: Ozocubu's Armour
  6023 | D:6      | Learned a level 3 spell: Spectral Weapon
  6082 | D:6      | Found a shimmering altar of Xom.
  6135 | D:6      | Found a staircase to the Ecumenical Temple.
  6153 | Temple   | Entered the Ecumenical Temple
  6513 | D:6      | Found a snail-covered altar of Cheibriados.
  6575 | D:6      | Reached skill level 1 in Hexes
  6575 | D:6      | Reached XP level 9. HP: 25/68 MP: 13/13
  6777 | D:6      | Noticed Edmund
  6835 | D:6      | Noticed Sigmund
  6880 | D:6      | Slain by Sigmund

Illustrated notes

Levels and vault maps discovered:
D:1:      dpeg_arrival_tiny_j, layout_rooms
D:2:      layout_loops_cross
D:3:      layout_loops_ring
D:4:      minmay_octagon_keep, layout_basic, first_ration, serial_shops,
          kennysheep_mini, uniq_ijyb
D:5:      layout_cave_pools, minitemple, serial_shops, shop,
          gammafunk_ghost_stat_death, st_stairs_1, kennysheep_generic_room_15
D:6:      minmay_clustersquares, layout_rooms, marbit_many_paths,
          xom_butterflies, hangedman_abyss_or_decor_passed,
          kennysheep_small_spiral, uniq_edmund, uniq_sigmund
Temple:   nicolae_temple_figure_zero

Skill      XL: |  1  2  3  4  5  6  7  8 |
---------------+-------------------------+-----
Armour         | 1 |  1.5
Dodging        | 3 4 5 7 |  7.4
Throwing       | 1 2 |  2.6
Fighting       | 3 5 |  5.3
Polearms       | 4 5 6 8 |  8.4
Charms         | 4 5 |  5.8
Spellcasting   | 3 |  3.3
Evocations     | 2 |  2.5
Hexes          | 1 |  1.3
Translocations | |  0.5

Action                   |  1- 3 |  4- 6 |  7- 9 || total
-------------------------+-------+-------+-------++-------
Melee: Spear             |   145 |   114 |   444 ||   703
Throw: Stone             |    18 |       |       ||    18
       Dart              |       |    25 |    34 ||    59
       Boomerang         |       |     8 |    13 ||    21
 Cast: Infusion          |     6 |    12 |    24 ||    42
       Shroud of Golubri |     1 |     9 |    17 ||    27
       Spectral Weapon   |       |       |     3 ||     3
Evoke: Wand              |       |     2 |     8 ||    10
  Use: Scroll            |     2 |       |     3 ||     5
       Potion            |       |       |     1 ||     1
 Stab: Sleeping          |     1 |     1 |     1 ||     3
       Paralysed         |       |       |     7 ||     7
  Eat: Chunk             |     2 |     8 |    12 ||    22
Armor: Leather armour    |    27 |    13 |    65 ||   105
Dodge: Dodged            |    75 |    55 |   208 ||   338
